 Dungeon Crawl Stone Soup version 0.17-a0-957-ga3519be (webtiles) character file.

6830 namelastname112 the Destroyer (level 10, -10/86 HPs)
             Began as a Grey Draconian Air Elementalist on May 7, 2015.
             Was an Elder of Vehumet.
             Mangled by a trapdoor spider (19 damage)
             ... on level 11 of the Dungeon.
             The game lasted 00:36:07 (11337 turns).

namelastname112 the Destroyer (DrAE)               Turns: 11337, Time: 00:36:08

Health: -10/86     AC: 18    Str: 11    XL:     10   Next: 77%
Magic:  2/22       EV: 12    Int: 19    God:    Vehumet [****..]
Gold:   551        SH:  0    Dex: 11    Spells: 6 memorised, 10 levels left

rFire  + . .     SeeInvis .     C - +0 quarterstaff (freeze)
rCold  . . .     Clarity  .     (armour unavailable)
rNeg   . . .     SustAb   .     (no shield)
rPois  +         Gourm    +     (helmet restricted)
rElec  .         Spirit   .     E - +1 cloak
rCorr  .         Warding  .     l - +0 pair of gloves
rMut   .         Stasis   .     s - +2 pair of boots
MR     .....                    M - amulet of the gourmand
Stlth  ++........               (no ring)
                                y - ring of poison resistance

@: lethally poisoned (-10 -> -15), about to teleport, very slightly
contaminated, invisible, not resistant to hostile enchantments, unstealthy
A: walk through water, unfitting armour, stinger 1, fire resistance 1,
unbreathing, cold-blooded, AC +12
a: Renounce Religion


You were on level 11 of the Dungeon.
You worshipped Vehumet.
Vehumet was greatly pleased with you.
You were not hungry.

You visited 2 branches of the dungeon, and saw 12 of its levels.
You also visited: Sewer and Ossuary.

You collected 551 gold pieces.

Inventory:

Hand weapons
 C - a +0 quarterstaff of freezing (weapon)
 N - a +1 dagger of venom
Armour
 l - a +0 pair of gloves (worn)
 s - a +2 pair of boots (worn)
 E - a +1 cloak (worn)
Magical staves
 b - an uncursed staff of poison
 f - an uncursed staff of cold
Jewellery
 t - an uncursed amulet of guardian spirit
 y - a ring of poison resistance (left hand)
 M - an amulet of the gourmand (around neck)
 P - an uncursed amulet of clarity {unknown}
Magical devices
 k - a wand of draining (5)
 B - a wand of paralysis (13)
 I - a wand of polymorph (9)
 Q - a wand of flame (23)
Scrolls
 d - 7 scrolls of remove curse
 e - a scroll of recharging
 g - a scroll of teleportation
 i - 3 scrolls of fog
 m - a scroll of fear
 p - 2 scrolls of amnesia
 u - 4 scrolls of random uselessness
 x - 4 scrolls of noise
 L - a scroll of immolation
Potions
 c - a potion of heal wounds
 h - a potion of invisibility
 j - 5 potions of curing
 n - 7 potions of flight
 o - 2 potions of might
 q - 4 potions of brilliance
 r - a potion of cure mutation {unknown}
 A - 3 potions of resistance {unknown}
 D - 4 potions of lignification {unknown}
 G - 5 potions of poison {unknown}
 K - 6 potions of mutation {unknown}
 O - 2 potions of haste {unknown}
 S - 2 potions of agility {unknown}
Books
 a - a book of Air

   Spells                             Type                      Level
   a - Shock                          Conjuration/Air              1
   b - Swiftness                      Charms/Air                   2
   c - Repel Missiles                 Charms/Air                   2
   d - Flight                         Charms/Air                   3
   e - Static Discharge               Conjuration/Air              3
   f - Lightning Bolt                 Conjuration/Air              5
 F - a book of Conjurations

   Spells                             Type                      Level
   a - Magic Dart                     Conjuration                  1
   b - Searing Ray                    Conjuration                  2
   c - Dazzling Spray                 Conjuration/Hexes            3
   d - Fulminant Prism                Conjuration/Hexes            4
   e - Iskenderun's Mystic Blast      Conjuration                  4
   f - Iskenderun's Battlesphere      Conjuration/Charms           5
 H - a book of Battle

   Spells                             Type                      Level
   a - Infusion                       Charms                       1
   b - Shroud of Golubria             Charms/Translocation         2
   c - Song of Slaying                Charms                       2
   d - Spectral Weapon                Hexes/Charms                 3
   e - Regeneration                   Charms/Necromancy            3
Comestibles
 v - 2 beef jerkies
 w - 3 chunks of flesh
 z - 2 bread rations
 J - 3 meat rations
 R - a slice of pizza


   Skills:
 + Level 7.4 Fighting
 + Level 6.4 Staves
 - Level 1.7 Dodging
 - Level 1.7 Stealth
 + Level 8.0 Spellcasting
 + Level 8.7 Conjurations
 - Level 4.0 Air Magic
 + Level 4.6 Evocations


You had 10 spell levels left.
You knew the following spells:

 Your Spells              Type           Power        Failure   Level  Hunger
a - Searing Ray           Conj           #####.       1%          2    None
b - Conjure Flame         Conj/Fire      ###.....     1%          3    None
c - Fulminant Prism       Conj/Hex       ###.......   4%          4    ###....
d - Swiftness             Chrm/Air       ###.....     8%          2    None
x - Static Discharge      Conj/Air       ####....     1%          3    None
z - Shock                 Conj/Air       ####         1%          1    None


Dungeon Overview and Level Annotations

Branches:
Dungeon (11/15)            Temple (1/1) D:4            Lair (0/8) D:8
    Orc (0/4) D:9

Altars:
Ashenzari
Cheibriados
Dithmenos
Elyvilon
Fedhas
Gozag
Kikubaaqudgha
Makhleb
Nemelex Xobeh
Okawaru
Qazlal
Ru
Sif Muna
Trog
Vehumet
Xom
Yredelemnul
Zin
The Shining One

Shops:
D:4 ?   D:9 }[

Portals:
Ice
Cave: D:11

Annotations:
D:10 Snorg


Innate Abilities, Weirdness & Mutations

You can walk through water.
Your dull iron-grey scales are very hard (AC +12).
Your body does not fit into most forms of armour.
You can survive without breathing.
You are cold-blooded and may be slowed by cold attacks.
Your tail ends in a poisonous barb.
Your flesh is heat resistant.


Message History

You feel sick.
There is a stone staircase leading down here.
Read which item? (? for menu, Esc to quit)
As you read the scroll of teleportation, it crumbles to dust.
You feel strangely unstable.
You feel sick. The trapdoor spider bites you!
* * * LOW HITPOINT WARNING * * *
The ice beast barely misses you. The trapdoor spider barely misses you.
Unknown command.
Drink which item? (? for menu, Esc to quit)
You feel much better.
You feel sick. The trapdoor spider bites you. The ice beast closely misses you.
Casting: Static Discharge
Confirm with . or Enter, or press ? or * to list all spells.
The ballistomycete is struck by lightning.
The ballistomycete is moderately damaged.
The lightning grounds out.
The trapdoor spider bites you!
* * * LOW HITPOINT WARNING * * *
The yak gores the ballistomycete!!
The ice beast misses you. The trapdoor spider bites you!!
You die...

*### #.....<...#
*#.###.........#
##...#.........#
#.Y#.Y.Y.......#
#.#.#.........##
..#.#..#.#.####
###.#..#.#.#######
###.#..#.#..)..Y.#
...........P..YP@#
......##.#....Ys.#
#.#...##.#.##.####*
#.#...##.#.##..P..#
#.#.#.##.#.##..P..#
?,#............∩..#
.,................#
,.....#...........#
,,,,,,,,..........#


You could see a trapdoor spider, a yak and 2 ice beasts.

Vanquished Creatures
  Pikel (D:9)
  A two-headed ogre (D:8)
  3 yaks
  Grum (D:9)
  A hungry ghost (D:8)
  A hippogriff (D:9)
  4 wolves (D:9)
  A water moccasin (D:10)
  4 sky beasts
  A necrophage (D:6)
  6 ogres
  2 black bears
  2 centaurs (D:9)
  7 ice beasts
  2 orc warriors
  4 slaves (D:9)
  A phantom (D:9)
  A big kobold (Sewer)
  6 giant frogs
  A water moccasin zombie (D:6)
  A wyvern skeleton (D:9)
  A scorpion (D:4)
  10 killer bees
  A giant frog zombie (D:9)
  5 wights (D:7)
  2 centaur zombies
  2 crimson imps
  A giant frog skeleton (D:4)
  A human zombie (Ossuary)
  2 orc priests
  2 centaur skeletons
  3 iguanas
  6 orc wizards
  10 worker ants
  A big kobold zombie (Ossuary)
  A hound skeleton (D:2)
  3 mummies (Ossuary)
  A worker ant zombie (D:10)
  7 gnolls
  3 river rats
  7 adders
  4 shadow imps
  3 oozes
  3 adder skeletons
  2 worms (D:2)
  4 giant geckos
  39 orcs
  5 ball pythons
  16 bats
  A bat zombie (D:5)
  5 giant cockroaches
  18 goblins
  20 hobgoblins
  23 jackals
  8 quokkas
  9 giant newts
  2 giant spores
  A gnoll zombie (Ossuary)
  20 kobolds
  A kobold zombie (Ossuary)
  3 orc zombies (Ossuary)
  A quokka skeleton (D:4)
  16 rats
  8 ballistomycetes (D:8)
332 creatures vanquished.

Vanquished Creatures (others)
  19 fulminant prisms
  A giant spore (D:11)
20 creatures vanquished.

Grand Total: 352 creatures vanquished

Notes
Turn   | Place    | Note
--------------------------------------------------------------
     0 | D:1      | namelastname112, the Draconian Air Elementalist, began the quest for the Orb.
     0 | D:1      | Reached XP level 1. HP: 14/14 MP: 3/3
   269 | D:1      | Reached XP level 2. HP: 11/20 MP: 0/5
   829 | D:1      | Reached XP level 3. HP: 19/26 MP: 4/6
  1342 | D:1      | Learned a level 2 spell: Swiftness
  1498 | D:2      | Reached XP level 4. HP: 8/33 MP: 0/8
  1908 | D:2      | Learned a level 3 spell: Static Discharge
  2581 | D:3      | Found a snail-covered altar of Cheibriados.
  2587 | D:3      | Reached XP level 5. HP: 38/38 MP: 5/10
  2688 | D:3      | Found a glowing drain.
  2694 | D:3      | Found a sparkling altar of Nemelex Xobeh.
  2730 | Sewer    | Entered a sewer
  2874 | Sewer    | Reached skill level 4 in Air Magic
  3001 | Sewer    | Found a white marble altar of Elyvilon.
  3010 | Sewer    | Became a worshipper of Elyvilon the Healer
  3180 | D:3      | Reached XP level 6. HP: 45/45 MP: 5/11
  3201 | D:3      | Found a radiant altar of Vehumet.
  3800 | D:4      | Found Divucey's Magic Scroll Boutique.
  4052 | D:4      | Found a staircase to the Ecumenical Temple.
  4148 | Temple   | Entered the Ecumenical Temple
  4337 | D:4      | Your scales start taking on a dull iron-grey colour.
  4337 | D:4      | Gained mutation: You can survive without breathing. [Grey Draconian growth]
  4337 | D:4      | Reached XP level 7. HP: 27/50 MP: 3/13
  4338 | D:4      | SOOOOOOQAAAA
  4528 | Temple   | Acquired Elyvilon's first power
  4581 | D:3      | Fell from the grace of Elyvilon
  4581 | D:3      | Became a worshipper of Vehumet
  4865 | D:4      | Found a glowing silver altar of Zin.
  5169 | D:4      | Reached skill level 5 in Conjurations
  5309 | D:5      | Entered Level 5 of the Dungeon
  5329 | D:5      | Found a burning altar of Makhleb.
  5332 | D:5      | Found a sacrificial altar of Ru.
  5337 | D:5      | Found a white marble altar of Elyvilon.
  5340 | D:5      | Found a bloodstained altar of Trog.
  5700 | D:5      | Reached skill level 1 in Fighting
  5704 | D:5      | Gained mutation: Your flesh is heat resistant. [mutagenic meat]
  5705 | D:5      | Gained mutation: You are weak. (Str -2) [mutagenic meat]
  5706 | D:5      | Lost mutation: You are weak. (Str -2) [mutagenic meat]
  5707 | D:5      | Gained mutation: Your tail ends in a poisonous barb. [mutagenic meat]
  5813 | D:5      | Reached skill level 5 in Spellcasting
  5866 | D:5      | Acquired Vehumet's first power
  5866 | D:5      | Offered knowledge of Sting by Vehumet.
  6228 | D:5      | Reached XP level 8. HP: 62/62 MP: 6/15
  6695 | D:6      | Reached skill level 1 in Staves
  6695 | D:6      | Reached skill level 6 in Conjurations
  6867 | D:6      | Found an iron altar of Okawaru.
  7249 | D:6      | Offered knowledge of Searing Ray by Vehumet.
  7323 | D:6      | Learned a level 2 spell: Searing Ray
  7401 | D:7      | Found a sand-covered staircase.
  7410 | Ossuary  | Entered an ossuary
  7724 | D:7      | Offered knowledge of Conjure Flame by Vehumet.
  7729 | D:7      | Learned a level 3 spell: Conjure Flame
  7749 | D:7      | Found a blossoming altar of Fedhas.
  7851 | D:7      | Reached XP level 9. HP: 72/72 MP: 10/18
  8034 | D:7      | Acquired Vehumet's second power
  8289 | D:7      | Found a glowing golden altar of the Shining One.
  8327 | D:7      | Reached skill level 7 in Conjurations
  8331 | D:7      | Reached skill level 5 in Fighting
  8878 | D:8      | Reached skill level 1 in Evocations
  9021 | D:8      | Offered knowledge of Fulminant Prism by Vehumet.
  9027 | D:8      | Learned a level 4 spell: Fulminant Prism
  9393 | D:8      | Found a staircase to the Lair.
  9558 | D:9      | Found Rolipt's Armour Boutique.
  9749 | D:9      | Found Dutsaj's Gadget Boutique.
  9839 | D:9      | Noticed Pikel
  9855 | D:9      | Killed Pikel
  9855 | D:9      | Reached skill level 5 in Staves
  9856 | D:9      | Found a staircase to the Orcish Mines.
  9914 | D:9      | Reached XP level 10. HP: 83/83 MP: 4/20
  9928 | D:9      | Reached skill level 8 in Conjurations
 10126 | D:9      | Acquired Vehumet's third power
 10287 | D:9      | Found a shimmering altar of Xom.
 10426 | D:9      | Offered knowledge of Inner Flame by Vehumet.
 10445 | D:9      | Noticed Grum
 10476 | D:9      | Killed Grum
 10927 | D:10     | Entered Level 10 of the Dungeon
 11024 | D:10     | Noticed Snorg
 11231 | D:11     | Found a frozen archway.
 11259 | D:11     | HP: 3/86 [something (19)]
 11337 | D:11     | Mangled by a trapdoor spider

Action                   |  1- 3 |  4- 6 |  7- 9 | 10-12 || total
-------------------------+-------+-------+-------+-------++-------
Melee: Unarmed           |    17 |       |       |       ||    17
       Dagger            |    86 |    65 |   142 |       ||   293
       Spear             |       |    60 |       |       ||    60
       Quarterstaff      |       |       |    48 |    69 ||   117
       Staff             |       |       |     8 |       ||     8
 Cast: Shock             |    62 |   186 |   380 |   110 ||   738
       Swiftness         |       |     1 |       |       ||     1
       Static Discharge  |       |     1 |    19 |    12 ||    32
       Fulminant Prism   |       |       |     5 |    14 ||    19
       Searing Ray       |       |       |     3 |     4 ||     7
       Conjure Flame     |       |       |       |     1 ||     1
Evoke: Wand              |       |       |       |     2 ||     2
  Use: Scroll            |       |       |    19 |     5 ||    24
       Potion            |       |       |       |     8 ||     8
 Stab: Sleeping          |     1 |     1 |       |       ||     2
  Eat: Chunk             |     2 |     8 |    21 |     7 ||    38
       Beef jerky        |       |     1 |     1 |       ||     2
